 Dungeon Crawl Stone Soup version 0.20.1-1-g8b1a95d (webtiles) character file.

509 HammerPanzer the Carver (level 6, -12/57 HPs)
             Began as a Minotaur Berserker on Nov 3, 2017.
             Was a Priest of Trog.
             Mangled by Duvessa
             ... wielding a +0 short sword
              (16 damage)
             ... on level 4 of the Dungeon.
             The game lasted 00:07:40 (3618 turns).

HammerPanzer the Carver (Minotaur Berserker)        Turns: 3618, Time: 00:07:40

Health: -12/57     AC:  4    Str: 23    XL:     6   Next: 98%
Magic:  5/5        EV:  9    Int:  5    God:    Trog [***...]
Gold:   206        SH:  7    Dex:  9    Spells: 5/5 levels left

rFire    . . .     SeeInvis .   a - +0 falchion
rCold    . . .     Gourm    .   h - +0 shield
rNeg     + . .     Faith    .   t - +1 leather armour {rN+}
rPois    .         Spirit   .   (helmet restricted)
rElec    .         Reflect  .   (no cloak)
rCorr    .         Harm     .   (no gloves)
MR       .....                  (no boots)
Stlth    +.........             (no amulet)
Regen    0.2/turn               (no ring)
MPRegen  0.1/turn               (no ring)

@: berserk cooldown, slowed, very slow
A: retaliatory headbutt, horns 2
a: Berserk, Trog's Hand, Burn Spellbooks, Renounce Religion


You were on level 4 of the Dungeon.
You worshipped Trog.
Trog was most pleased with you.
You were hungry.

You visited 1 branch of the dungeon, and saw 4 of its levels.

You collected 206 gold pieces.

Inventory:

Hand Weapons
 a - a +0 falchion (weapon)
Armour
 h - a +0 shield (worn)
 t - a +1 leather armour of positive energy (worn)
Scrolls
 e - a scroll of enchant armour {unknown}
 g - 2 scrolls of teleportation {unknown}
 i - a scroll of amnesia {unknown}
 k - a scroll of enchant weapon {unknown}
 l - 2 scrolls of fog {unknown}
 n - 7 scrolls of remove curse {unknown}
 p - 3 scrolls of identify {unknown}
Potions
 d - a potion of agility {unknown}
 f - a potion of flight {unknown}
 j - 2 potions of degeneration {unknown}
 m - 4 potions of heal wounds {unknown}
 q - 2 potions of haste {unknown}
 r - a potion of might {unknown}
 u - a potion of brilliance {unknown}
Books
 s - a book of Changes

   Spells                             Type                      Level
   a - Beastly Appendage              Transmutation                1
   b - Sticks to Snakes               Transmutation                2
   c - Spider Form                    Transmutation/Poison         3
   d - Ice Form                       Ice/Transmutation            4
   e - Blade Hands                    Transmutation                5
   Trog disapproves of the use of such an item.
Comestibles
 b - 2 meat rations
 c - 4 bread rations
 o - a royal jelly
 v - 2 chunks of flesh


   Skills:
 + Level 5.8 Fighting
 * Level 8.4 Long Blades
 - Level 2.4 Armour
 - Level 2.1 Dodging


You had 5 spell levels left.
You didn't know any spells.

Dungeon Overview and Level Annotations

Branches:
Dungeon (4/15)
 Temple: D:4-7

Altars:
Elyvilon
Fedhas
Hepliaklqana
Qazlal
Uskayaw
Xom

Annotations:
D:4 Duvessa


Innate Abilities, Weirdness & Mutations

You reflexively headbutt those who attack you in melee.
You have a pair of horns on your head.


Message History

Duvessa is moderately wounded.
Duvessa hits you with a short sword! Duvessa hits you with a short sword.
You hit Duvessa.
Duvessa is heavily wounded.
Duvessa hits you with a short sword. Duvessa hits you with a short sword!
* * * LOW HITPOINT WARNING * * *
You slash Duvessa! You headbutt Duvessa, but do no damage.
Duvessa is heavily wounded.
You block Duvessa's attack. Duvessa hits you with a short sword.
* * * LOW HITPOINT WARNING * * *
You block Duvessa's attack. Duvessa closely misses you.
You riposte.
You hit Duvessa.
Duvessa is severely wounded.
Okay, then.
Duvessa hits you with a short sword.
* * * LOW HITPOINT WARNING * * *
A worm comes into view.
Duvessa rages.
Duvessa hits you with a short sword!
You die...

##.# #.# #.# #.#
#...w.!..... #.# #.#
#........... ##.####.#
#........... ......#.#
#........... #..##.#.#
#........... ...##.#.#
#........$..
...##.#.#.######...........
##.##.#.#.......@e..)......
#.##.#.#.#####.#######...#
##....#.# #<# # ...####.#
#.# ##### #.# #.#
#.###.#######.#
#.............#
#.###.######### #.###.#


You could see Duvessa (berserk) and a worm.

Vanquished Creatures
  Sigmund (D:4)
  The ghost of Thjof the Gusty, an amateur TeAE of Cheibriados (D:3)
  Dowan (D:4)
  An orc wizard (D:4)
  Natasha (twice) (D:4)
  2 worker ants (D:4)
  Robin (D:4)
  An adder (D:4)
  2 oozes
  A worm (D:2)
  3 dart slugs
  A leopard gecko (D:4)
  3 orcs (D:4)
  6 giant cockroaches
  20 goblins
  7 hobgoblins
  6 jackals
  7 bats
  6 frilled lizards
  A jackal skeleton (D:4)
  6 kobolds
  4 rats
83 creatures vanquished.

Notes
Turn   | Place    | Note
-------+----------+-------------------------------------------
     0 | D:1      | HammerPanzer the Minotaur Berserker began the quest for the Orb.
     0 | D:1      | Reached XP level 1. HP: 19/19 MP: 0/0
    33 | D:1      | Reached skill level 4 in Long Blades
    43 | D:1      | Reached XP level 2. HP: 27/27 MP: 1/1
   608 | D:1      | Reached XP level 3. HP: 33/33 MP: 2/2
   731 | D:2      | Reached skill level 5 in Long Blades
   951 | D:2      | Reached ** piety under Trog
  1510 | D:2      | Reached XP level 4. HP: 40/40 MP: 3/3
  1746 | D:3      | Found a hide-covered altar of Uskayaw.
  1799 | D:3      | Found a hazy altar of Hepliaklqana.
  1800 | D:3      | Found a shimmering altar of Xom.
  1800 | D:3      | Noticed a yak
  1801 | D:3      | Noticed a spectral ugly thing
  1801 | D:3      | Noticed a yak
  1883 | D:3      | Noticed Thjof's ghost (amateur TeAE)
  1890 | D:3      | Killed Thjof's ghost
  1890 | D:3      | Reached skill level 6 in Long Blades
  1890 | D:3      | Reached XP level 5. HP: 47/47 MP: 4/4
  2077 | D:3      | Found a white marble altar of Elyvilon.
  2084 | D:3      | Found a stormy altar of Qazlal.
  2195 | D:3      | Found a blossoming altar of Fedhas.
  2448 | D:4      | Noticed Robin
  2459 | D:4      | Killed Robin
  2735 | D:4      | Noticed Natasha
  2740 | D:4      | Killed Natasha
  2833 | D:4      | Reached skill level 7 in Long Blades
  3095 | D:4      | Noticed Sigmund
  3099 | D:4      | Reached skill level 5 in Fighting
  3107 | D:4      | Killed Sigmund
  3107 | D:4      | Reached XP level 6. HP: 46/56 MP: 5/5
  3265 | D:4      | Reached skill level 8 in Long Blades
  3486 | D:4      | Noticed Natasha
  3489 | D:4      | Killed Natasha
  3489 | D:4      | Reached *** piety under Trog
  3600 | D:4      | Noticed Dowan
  3602 | D:4      | Noticed Duvessa
  3608 | D:4      | Killed Dowan
  3618 | D:4      | Mangled by Duvessa

Skill      XL: |  1  2  3  4  5  6 |
---------------+-------------------+-----
Long Blades    | 4 5 6 7 8 |  8.4
Fighting       | 4 5 |  5.8
Armour         | |  2.4
Dodging        | |  2.1

Action                   |  1- 3 |  4- 6 || total
-------------------------+-------+-------++-------
Melee: Falchion          |    82 |   103 ||   185
       Headbutt          |    18 |    24 ||    42
Invok: Berserk           |     1 |     3 ||     4
  Eat: Chunk             |     3 |     8 ||    11
Armor: Animal skin       |     8 |       ||     8
       Ring mail         |    36 |     4 ||    40
       Leather armour    |       |    13 ||    13
Dodge: Dodged            |    65 |    38 ||   103
Block: Shield            |       |    27 ||    27
       Rpst.: Falchion   |    18 |    15 ||    33
